[Event "Late-Titled-Tuesday-Blitz-January-16-2024"]
[Site "Chess.com"]
[Date "2024.01.16"]
[Round "8"]
[White "wanyaland"]
[Black "ChessRook_E"]
[Result "1-0"]
[WhiteElo "2480"]
[BlackElo "2211"]
[TimeControl "180+1"]
[EndTime "15:28:55 PST"]
[Termination "wanyaland won by resignation"]

1. d4 Nf6 2. c4 e6 3. g3 b6 4. Bg2 d5 5. Nc3 Ba6 6. cxd5 exd5 7. Nf3 Bd6 8. Ne5 c6 9. O-O Qc7 10. f4 O-O 11. h3 Nbd7 12. Be3 Rfe8 13. Rc1 Qb7 14.
a3 Rac8 15. b4 b5 16. Re1 Nb6 17. Bf2 Nc4 18. Qb3 Nd7 19. e4 Ndb6 20. exd5 cxd5 21.
Rc2 f6 22. Nd3 Rxe1+ 23. Bxe1 Re8 24. Bf2 Qc6 25. Nc5 Bc8 26. Kh2 Bf5 27. Re2 Rxe2 28.
Nxe2 Nd2 29. Qa2 Nbc4 30. Nc3 Ne4 31. N3xe4 Bxe4 32. Bxe4 dxe4 33. a4 Bxc5 34. axb5 Qd5 35. bxc5 e3 36. Be1 Kf8 37. c6 Qxd4 38. c7 Nd6 39.
Qe6 Qb2+ 40. Kg1 Qc1 41. Qxd6+ Kf7 42. Qd5+ Kg6 43. Qd3+ Kh6 44. Qc3 Qb1 45. c8=Q e2 46.
Qg4 Qe4 47. Kf2 Qe7 48. Qxe2 Qc7 49. Qee3 Qb7 50. f5+ g5 51. fxg6+ Kxg6 52. Qcd3+ Kg7 53. Qee4 Qb6+ 54. Kg2 Qa5 55. Qxh7+ Kf8 56. Qdd7 Qa2+ 57. Bf2 Qd5+ 58. Qxd5 1-0

[Event "Late-Titled-Tuesday-Blitz-January-16-2024"]
[Site "Chess.com"]
[Date "2024.01.16"]
[Round "8"]
[White "maurovargas01"]
[Black "katharinareinecke"]
[Result "0-1"]
[WhiteElo "1846"]
[BlackElo "2022"]
[TimeControl "180+1"]
[EndTime "15:28:55 PST"]
[Termination "katharinareinecke won by checkmate"]

1. e4 c6 2. Nc3 d5 3. d3 g6 4. g3 Bg7 5. Bg2 Nf6 6. e5 Nfd7 7.
f4 e6 8. Nf3 O-O 9. O-O c5 10.
Nb5 Nc6 11. Nd6 f6 12. Qe1 fxe5 13. fxe5 Ndxe5 14. Nxc8 Rxc8 15. Ng5 Rxf1+ 16. Bxf1 Qf6 17. Bh3 Nd8 18. Bf4 h6 19. Bxe5 Qxe5 20. Qxe5 Bxe5 21.
Nxe6 Bxb2 22. Rf1 Nc6 23. Nxc5 Re8 24. Nxb7 Rb8 25. Be6+ Kg7 26. Rf7+ Kh8 27. Bxd5 Bd4+ 28. Kg2 Ne5 29. Re7 Ng4 30. Bb3 Rf8 31. Rf7 Re8 32. Kf3 h5 33. Kg2 Re2+ 34. Kf1 Rf2+ 35. Ke1 Rxh2 36.
Rf1 Bc3+ 37. Kd1 Ne3+ 38. Kc1 Nxf1 39. Nc5 Nxg3 40. Kd1 Rh1# 0-1

[Event "Late-Titled-Tuesday-Blitz-January-16-2024"]
[Site "Chess.com"]
[Date "2024.01.16"]
[Round "8"]
[White "anasta10"]
[Black "IMRosen"]
[Result "0-1"]
[WhiteElo "2532"]
[BlackElo "2683"]
[TimeControl "180+1"]
[EndTime "15:28:56 PST"]
[Termination "IMRosen won by resignation"]

1. Nf3 d5 2. g3 Nf6 3. Bg2 e6 4. O-O Be7 5. c4 d4 6. b3 c5 7. Bb2 O-O 8. e3 Nc6 9. exd4 cxd4 10. Re1 a5 11. d3 Bc5 12. Nbd2 Nd7 13. Ne4 Re8 14. a3 e5 15. Nfd2 Bf8 16. f4 h6 17.
Qf3 Ra6 18. Qf1 f5 19. Nf2 Nf6 20. fxe5 Nxe5 21. Re2 Rae6 22. Rae1 Neg4 23. Nxg4 fxg4 24. Rxe6 Rxe6 25. Rxe6 Bxe6 26. Bxb7 Nd7 27. Bg2 Nc5 28.
b4 Na4 29. Ba1 axb4 30. axb4 Bxb4 31. Ne4 Bc3 32. Kh1 Bf7 33. Qd1 Qa5 34. h3 gxh3 35.
Bxh3 Qe5 36. Kh2 Kh7 37. Bg2 Bxa1 38. Qxa1 Qh5+ 39. Kg1 Qa5 40. Qe1 Qxe1+ 41. Kh2 Nc3 0-1

[Event "Late-Titled-Tuesday-Blitz-January-16-2024"]
[Site "Chess.com"]
[Date "2024.01.16"]
[Round "8"]
[White "tarno17"]
[Black "dianamirza"]
[Result "1-0"]
[WhiteElo "2171"]
[BlackElo "1997"]
[TimeControl "180+1"]
[EndTime "15:28:57 PST"]
[Termination "tarno17 won on time"]

1. e4 c5 2. Nf3 Nc6 3. Bb5 e6 4. O-O Nf6 5. Re1 Be7 6. c3 a6 7. Ba4 b5 8. Bc2 Bb7 9. d4 cxd4 10. Nxd4 O-O 11. Be3 Ne5 12. h3 Nc4 13. Bc1 d5 14. e5 Nd7 15. f4 b4 16. Nd2 bxc3 17.
bxc3 Bc5 18. Nb3 Ba7 19. Kh2 Qh4 20. g3 Qe7 21. Qh5 g6 22. Qf3 Nc5 23. Be3 Nxe3 24. Rxe3 Nxb3 25. axb3 Rfc8 26. Bd3 Rxc3 27. Ra4 Bxd4 28.
Rxd4 Rxb3 29. Bc2 Rb2 30. Re2 Qc5 31. Rdd2 d4 32. Qf2 Rc8 33. Bd3 Rxd2 34. Rxd2 a5 35.
g4 Bd5 36. f5 exf5 37. gxf5 gxf5 38. Bxf5 Be6 39. Bxe6 fxe6 40. Qf6 Qf8 41. Rg2+ 1-0

[Event "Late-Titled-Tuesday-Blitz-January-16-2024"]
[Site "Chess.com"]
[Date "2024.01.16"]
[Round "8"]
[White "Mr_November18"]
[Black "Walter_White_Poland"]
[Result "0-1"]
[WhiteElo "2061"]
[BlackElo "2338"]
[TimeControl "180+1"]
[EndTime "15:28:59 PST"]
[Termination "Walter_White_Poland won by checkmate"]

1. e4 e6 2. d4 d5 3. Nc3 Nf6 4.
e5 Nfd7 5. f4 c5 6. Nf3 Nc6 7.
Ne2 cxd4 8. Nexd4 Nc5 9. Bd3 Nxd3+ 10. Qxd3 Bc5 11. c3 Nxd4 12. cxd4 Bb6 13. O-O g6 14. Be3 h5 15. Rac1 Bd7 16. Ng5 Rc8 17. b3 O-O 18.
Kh1 Qe7 19. Rg1 Rxc1 20. Bxc1 Qb4 21. Be3 Rc8 22. g4 Rc3 23. Qb1 Rxe3 24. gxh5 Be8 25. hxg6 fxg6 26. Nxe6 Re4 27. Ng5 Qxd4 28. Nxe4 dxe4 29.
Rd1 Qf2 30. Rf1 Qe3 31. b4 Bc6 32. Qb3+ Kg7 33. Qe6 Qd4 34. Qf6+ Kg8 35. Qxg6+ Kf8 36. Qf6+ Ke8 37. Qh8+ Ke7 38. Qg7+ Kd8 39. Qg4 e3+ 40. Rf3 Bxf3+ 41. Qxf3 e2 42. Qd3 Qxd3 43. Kg2 e1=Q 44. h3 Qdd2+ 45. Kf3 Qee3+ 46. Kg4 Qxf4+ 47. Kh5 Qg5# 0-1

[Event "Late-Titled-Tuesday-Blitz-January-16-2024"]
[Site "Chess.com"]
[Date "2024.01.16"]
[Round "8"]
[White "Gryffindorac8"]
[Black "DenizG123"]
[Result "1-0"]
[WhiteElo "2391"]
[BlackElo "2123"]
[TimeControl "180+1"]
[EndTime "15:29:00 PST"]
[Termination "Gryffindorac8 won on time"]

1. d4 Nf6 2. c4 g6 3. Nc3 d5 4. cxd5 Nxd5 5. e4 Nxc3 6. bxc3 Bg7 7. Bc4 c5 8. Ne2 Nc6 9. Be3 O-O 10. O-O Bg4 11.
f3 cxd4 12. cxd4 Na5 13. Bd3 Be6 14. d5 Bxa1 15. Qxa1 f6 16. Rb1 Bf7 17. Bh6 Re8 18.
Bb5 Qb6+ 19. Kh1 Red8 20. Be8 Qf2 21. Bxf7+ Kxf7 22. Nd4 Rdc8 23. Ne6 Rc2 24. Rg1 Rg8 25. Bf4 g5 26. Bg3 Qd2 27. a4 Nc4 28. Be1 Qc1 29. Qd4 Qb2 30. Qd3 Ne5 31. Qe3 Ng6 32. Bg3 Nf4 33.
Nxf4 gxf4 34. Qxf4 Rgc8 35. Qf5 Rc1 36. Qxh7+ Ke8 37.
h3 Rxg1+ 38. Kxg1 Rc1+ 39. Kh2 Rc2 40. Qg8+ Kd7 41. Qe6+ Kd8 42. Qg8+ Kd7 43. Bf4 Qb4 44. h4 Qe1 45. Qg4+ Kd8 46. h5 1-0

[Event "Late-Titled-Tuesday-Blitz-January-16-2024"]
[Site "Chess.com"]
[Date "2024.01.16"]
[Round "8"]
[White "milenapn"]
[Black "ZuraTqebuchava"]
[Result "1-0"]
[WhiteElo "2025"]
[BlackElo "2114"]
[TimeControl "180+1"]
[EndTime "15:29:01 PST"]
[Termination "milenapn won by checkmate"]

1. e4 e5 2. Nf3 d6 3. d4 exd4 4. Nxd4 Nc6 5. Be3 Nf6 6. Nc3 Be7 7. Be2 Nxd4 8. Bxd4 a5 9. O-O O-O 10. f4 a4 11. a3 c6 12. Bf3 Be6 13. Re1 Re8 14. g4 d5 15. e5 Ne4 16. Nxe4 dxe4 17. Rxe4 Bd5 18. Re3 Bxf3 19. Rxf3 Qd5 20. Bf2 Qb5 21. Qd4 Rad8 22. Qc3 Qe2 23. Re1 Rd1 24. Rxd1 Qxd1+ 25. Kg2 Rd8 26. h3 h6 27. Rd3 Rxd3 28. Qxd3 Qb1 29. Bd4 Qc1 30. f5 Bh4 31. e6 fxe6 32. fxe6 Be7 33.
Bf2 Qf4 34. Qf5 Qd6 35. c3 Bf6 36. h4 Qe7 37. Kh3 Qd6 38. g5 hxg5 39. hxg5 Be7 40. Qf7+ Kh8 41. Bd4 Bf8 42. g6 Qd5 43. Qxf8# 1-0

[Event "Late-Titled-Tuesday-Blitz-January-16-2024"]
[Site "Chess.com"]
[Date "2024.01.16"]
[Round "8"]
[White "Piotrek1979"]
[Black "crazy_but_lazy"]
[Result "1/2-1/2"]
[WhiteElo "2432"]
[BlackElo "2589"]
[TimeControl "180+1"]
[EndTime "15:29:02 PST"]
[Termination "Game drawn by repetition"]

1. d4 Nf6 2. c4 g6 3. Nc3 Bg7 4. e4 d6 5. h3 O-O 6. Nf3 c5 7. d5 e6 8. Bd3 exd5 9. cxd5 Na6 10. O-O Nc7 11. a4 Re8 12. Bf4 a6 13. Re1 b6 14.
Nd2 Nh5 15. Bh2 Be5 16. Nc4 Bxh2+ 17. Kxh2 Rb8 18. e5 dxe5 19. d6 Ne6 20. Nd5 b5 21. axb5 axb5 22. Ne7+ Kg7 23. Nc6 Qg5 24. N4xe5 Bb7 25.
Nf3 Qf4+ 26. g3 Qxd6 27. Nxb8 Rxb8 28. Be4 Qxd1 29. Raxd1 Bxe4 30. Rxe4 Nf6 31. Re5 b4 32. Ng5 Nxg5 33. Rxg5 c4 34. Rc5 c3 35. bxc3 Ne4 36.
cxb4 Nxc5 37. bxc5 Rb2 38. Kg2 Rc2 39. Rd5 Kf6 40.
Rd6+ Ke7 41. Rd5 Ke6 42. Rd6+ Ke7 43. Rc6 Kd7 44. Rf6 Ke7 45. Rc6 Kd7 46. Rd6+ Ke7 1/2-1/2

[Event "Late-Titled-Tuesday-Blitz-January-16-2024"]
[Site "Chess.com"]
[Date "2024.01.16"]
[Round "8"]
[White "FredddieCroderg"]
[Black "RuleOfTwo"]
[Result "0-1"]
[WhiteElo "2372"]
[BlackElo "2582"]
[TimeControl "180+1"]
[EndTime "15:29:02 PST"]
[Termination "RuleOfTwo won on time"]

1. e4 e6 2. d4 d5 3. exd5 exd5 4.
Bd3 Nc6 5. c3 Bd6 6. Nf3 Nge7 7.
O-O Bf5 8. Re1 Qd7 9. Bf1 f6 10. Nbd2 g5 11. b4 h5 12. a4 h4 13. a5 g4 14. b5 Nd8 15. c4 gxf3 16. c5 fxg2 17.
Bxg2 h3 18. cxd6 Qxd6 19. Ba3 Rg8 20. Bxd6 Rxg2+ 21. Kh1 cxd6 22. Qh5+ Bg6 23. Qxh3 Rg5 24. Re3 Bf5 25. Qh6 Kf7 26. Rg1 Rxg1+ 27. Kxg1 Ne6 28.
Nf3 Rg8+ 29. Kf1 Rg6 30. Qh7+ Rg7 31. Qh6 Rg6 32. Qh8 Rg8 33. Qh4 Rg4 34. Qh5+ Kf8 35. Nh4 Rg5 36. Qh6+ Kf7 37. Nxf5 Rxf5 38. Qh7+ Ng7 39.
Rg3 Rg5 40. h4 Rxg3 41. fxg3 Nf5 42. h5 Nxg3+ 43. Kg2 Nxh5 44. Qc2 Nf4+ 45. Kf3 Nfe6 0-1

[Event "Late-Titled-Tuesday-Blitz-January-16-2024"]
[Site "Chess.com"]
[Date "2024.01.16"]
[Round "8"]
[White "GianmarcoVaR"]
[Black "frederiksvane"]
[Result "0-1"]
[WhiteElo "2738"]
[BlackElo "2899"]
[TimeControl "180+1"]
[EndTime "15:29:06 PST"]
[Termination "frederiksvane won on time"]

1. d4 Nf6 2. Nf3 b6 3. Bf4 Bb7 4. e3 Nh5 5. Bg5 h6 6. Bh4 g5 7.
Nfd2 Nf4 8. exf4 gxh4 9. c3 c5 10. dxc5 bxc5 11. Qh5 e6 12. Na3 Nc6 13. Nac4 Qc7 14.
Qxh4 d5 15. Ne3 Be7 16. Qh5 Qxf4 17. g3 Qe5 18. Qxe5 Nxe5 19. Bb5+ Nc6 20. O-O-O O-O-O 21. Rhe1 Kc7 22. f4 Bf6 23. Ng4 Bg7 24. Nf3 a6 25. Bf1 Rhe8 26. Bg2 f6 27. Rd2 d4 28. cxd4 cxd4 29. Nf2 e5 30. Nh4 Bf8 31. a3 Kb6 32.
Kb1 Bc8 33. Rc1 Na5 34. Rcd1 Be6 35. Be4 Nc4 36. Re2 Ne3 37. Rc1 Rc8 38. Rxc8 Rxc8 39. fxe5 fxe5 40. Nd3 Bd6 41. Nf3 Bc4 42. Re1 Re8 43.
Nd2 Bf7 44. Nf3 Bc4 45. Nd2 Bb5 46. h3 a5 47. g4 a4 0-1

[Event "Late-Titled-Tuesday-Blitz-January-16-2024"]
[Site "Chess.com"]
[Date "2024.01.16"]
[Round "8"]
[White "vladislavkovalev"]
[Black "SCIM"]
[Result "1/2-1/2"]
[WhiteElo "2838"]
[BlackElo "2596"]
[TimeControl "180+1"]
[EndTime "15:29:06 PST"]
[Termination "Game drawn by repetition"]

1. e4 e5 2. Nf3 Nc6 3. Bb5 a6 4. Ba4 d6 5. O-O Bd7 6. d4 Nf6 7. Re1 Be7 8. d5 Nb8 9. c4 O-O 10. Bxd7 Nbxd7 11. Nc3 c6 12. a4 Rc8 13. h3 Re8 14. Be3 c5 15. a5 g6 16. Qa4 Nh5 17. Reb1 f5 18. b4 f4 19. Bc1 g5 20. Ba3 cxb4 21.
Rxb4 Nc5 22. Qd1 Ng7 23. Rb6 Qd7 24. Rab1 g4 25. hxg4 Qxg4 26. Ne1 Qxd1 27. Rxd1 Rc7 28. Rdb1 Rec8 29. Kf1 Ne8 30. Ke2 Nf6 31. f3 Nfd7 32. R6b2 Kf7 33. Rb4 Rg8 34. Kf1 Bh4 35. R4b2 Bxe1 36.
Rxe1 Nd3 37. Bxd6 Rxc4 38. Rxb7 Rxc3 39. Rxd7+ Kf6 40. Rb1 Rc2 41. Rb6 Rf2+ 42. Kg1 Rgxg2+ 43. Kh1 Rh2+ 44. Kg1 Rfg2+ 45. Kf1 Rf2+ 46. Kg1 Rhg2+ 47. Kh1 Rh2+ 48. Kg1 1/2-1/2

[Event "Late-Titled-Tuesday-Blitz-January-16-2024"]
[Site "Chess.com"]
[Date "2024.01.16"]
[Round "8"]
[White "GAusal"]
[Black "agvega14"]
[Result "1-0"]
[WhiteElo "2261"]
[BlackElo "2132"]
[TimeControl "180+1"]
[EndTime "15:29:07 PST"]
[Termination "GAusal won on time"]

1. d4 d5 2. Nf3 Nf6 3. Bf4 c5 4. e3 Nc6 5. c3 Qb6 6. Qc2 g6 7. h3 Bf5 8. dxc5 Qxc5 9. Qb3 Na5 10. Qa4+ Bd7 11. Qd4 Qxd4 12. exd4 Nc6 13. Bd3 Bg7 14. O-O O-O 15. Nbd2 Rfc8 16. Rfe1 a6 17. Nb3 b6 18. Ne5 e6 19. g4 Be8 20. a4 Nxe5 21. Bxe5 a5 22. Nd2 Nd7 23. Bxg7 Kxg7 24. f4 h6 25. Nf3 Nf6 26. Ne5 Rc7 27. Kg2 Rac8 28. Kf3 Bc6 29. f5 exf5 30. gxf5 g5 31. h4 Nh7 32. hxg5 Nxg5+ 33. Kf4 Kf6 34. Ng4+ Kg7 35. f6+ Kf8 36. Nxh6 Ne6+ 37.
Rxe6 fxe6 38. Rg1 Ke8 39. Ke5 Kd8 40. Rg8+ Kd7 41. Rg7+ Kd8 42. Nf7+ Rxf7 43. Rxf7 Be8 44. Rf8 Rc7 45. Rg8 Kd7 46. Bg6 Bxg6 47. Rxg6 Ke8 48.
Rg7 1-0

[Event "Late-Titled-Tuesday-Blitz-January-16-2024"]
[Site "Chess.com"]
[Date "2024.01.16"]
[Round "8"]
[White "jinxy2009"]
[Black "stregachess"]
[Result "1-0"]
[WhiteElo "2236"]
[BlackElo "2063"]
[TimeControl "180+1"]
[EndTime "15:29:07 PST"]
[Termination "jinxy2009 won on time"]

1. e4 c5 2. Nf3 d6 3. d4 cxd4 4. Nxd4 Nf6 5. Nc3 g6 6. Be3 Bg7 7.
f3 O-O 8. Bc4 Nc6 9. Qd2 Nxd4 10. Bxd4 Be6 11. Bxe6 fxe6 12. O-O-O Qa5 13. Rhe1 e5 14. Bf2 Rac8 15. Kb1 a6 16. Nd5 Qxd2 17. Rxd2 Nxd5 18. exd5 b5 19. Re4 Rc7 20. a4 Rb8 21. axb5 Rxb5 22. Ra4 a5 23. c4 Rb4 24. Rxb4 axb4 25. b3 Kf7 26. Ra2 e6 27. dxe6+ Kxe6 28.
Ra6 e4 29. Bg3 exf3 30. gxf3 Kf5 31. Rxd6 Re7 32. Rd5+ Ke6 33. Rb5 Bc3 34. Kc2 Kf7 35. Kd3 h5 36. c5 h4 37. Bd6 Re1 38. c6 Rd1+ 39. Kc4 Rxd6 40. c7 Rc6+ 41. Rc5 Rxc7 42.
Rxc7+ Ke6 43. Rh7 Be1 44. Kd3 Kf5 45. Ke3 g5 46. Rf7+ Kg6 47. Rb7 Bc3 48. Ke4 1-0

[Event "Late-Titled-Tuesday-Blitz-January-16-2024"]
[Site "Chess.com"]
[Date "2024.01.16"]
[Round "8"]
[White "cristiancamilosoto"]
[Black "nindjaxx8"]
[Result "0-1"]
[WhiteElo "2394"]
[BlackElo "2558"]
[TimeControl "180+1"]
[EndTime "15:29:09 PST"]
[Termination "nindjaxx8 won on time"]

1. c4 e6 2. e3 d5 3. Nf3 Nf6 4. b3 Be7 5. Bb2 O-O 6. Be2 b6 7. O-O Bb7 8. Nc3 dxc4 9. bxc4 c5 10. d4 Nbd7 11. d5 exd5 12. cxd5 Bd6 13. Nb5 Nb8 14. Nxd6 Qxd6 15. Be5 Qxd5 16. Bxf6 gxf6 17. Qc2 Nc6 18.
Rad1 Nb4 19. Rxd5 Nxc2 20. Rd6 Rfd8 21. Rxf6 Bd5 22. Rc1 Nb4 23. a3 Nc6 24. Bc4 Na5 25.
Bxd5 Rxd5 26. g3 Rc8 27. Kg2 c4 28. Rc3 Rd3 29. Rxd3 cxd3 30. Rd6 Rc3 31. Ne5 Rxa3 32. Rd8+ Kg7 33. Rd7 Kf6 34. f4 Ke6 35. Rd4 Ra2+ 36. Kf3 d2 37. g4 Nb3 38. Rd8 Ra1 39. Re8+ Kf6 40. g5+ Kg7 41. Rd8 d1=Q+ 42. Rxd1 Rxd1 43. f5 a5 44. f6+ Kg8 45. Nc4 a4 46. Ke2 Rd8 0-1

[Event "Late-Titled-Tuesday-Blitz-January-16-2024"]
[Site "Chess.com"]
[Date "2024.01.16"]
[Round "8"]
[White "Doudou2015"]
[Black "Akhayan"]
[Result "1/2-1/2"]
[WhiteElo "2212"]
[BlackElo "2348"]
[TimeControl "180+1"]
[EndTime "15:29:09 PST"]
[Termination "Game drawn - insufficient material"]

1. b3 a6 2. Bb2 b5 3. Nf3 Bb7 4.
g3 e6 5. Bg2 Nf6 6. O-O g6 7. c4 Bg7 8. e3 O-O 9. c5 d6 10. cxd6 cxd6 11. d3 Nbd7 12. Nbd2 Rc8 13. Rc1 Qa5 14. Rxc8 Rxc8 15. Qa1 Ne8 16. Bxg7 Nxg7 17.
Rc1 Qd8 18. Rc3 Rc5 19. d4 Rxc3 20. Qxc3 Nb6 21. e4 Nh5 22. Ne1 Nf6 23. Nd3 Qc8 24. Qxc8+ Nxc8 25. e5 Bxg2 26. Kxg2 Nd5 27. Ne4 dxe5 28.
dxe5 Kf8 29. Ndc5 a5 30. Nd7+ Ke7 31. Ndf6 h5 32. Kf3 Ncb6 33. Ke2 a4 34. bxa4 bxa4 35. a3 Nc4 36. Nxd5+ exd5 37. Nc5 Nxa3 38. Nxa4 Ke6 39. f4 Kf5 40. Ke3 Nb5 41. Nc5 g5 42. h3 gxf4+ 43. gxf4 h4 44. Nb7 d4+ 45. Kf3 d3 46. Nc5 d2 47. Ke2 Kxf4 48. Kxd2 Kg3 49. e6 fxe6 50. Nxe6 Kxh3 51. Ke2 Kg3 52. Kf1 h3 53.
Kg1 Nd6 54. Ng5 h2+ 55. Kh1 Nf5 56. Ne4+ Kh3 57. Nf2+ Kg3 58. Ne4+ Kf4 59. Kxh2 1/2-1/2

[Event "Late-Titled-Tuesday-Blitz-January-16-2024"]
[Site "Chess.com"]
[Date "2024.01.16"]
[Round "8"]
[White "Smile2005"]
[Black "argentum049"]
[Result "1-0"]
[WhiteElo "2361"]
[BlackElo "2480"]
[TimeControl "180+1"]
[EndTime "15:29:11 PST"]
[Termination "Smile2005 won by resignation"]

1. e4 e6 2. d4 d5 3. Nd2 Be7 4. Ngf3 Nf6 5. Bd3 c5 6. exd5 Qxd5 7. O-O cxd4 8. Bc4 Qd6 9. Nb3 Nc6 10. Nbxd4 Nxd4 11.
Qxd4 Qxd4 12. Nxd4 a6 13. a4 b6 14. Be3 Bb7 15.
Rfd1 Rc8 16. Bb3 O-O 17. h3 Bc5 18. Nxe6 fxe6 19. Bxe6+ Kh8 20. Bxc8 Rxc8 21. Bxc5 bxc5 22. c3 c4 23. Rd4 a5 24. Rad1 Kg8 25. g4 h6 26. f4 g5 27. fxg5 hxg5 28. h4 Rc5 29.
Rd8+ Kf7 30. R8d7+ Nxd7 31. Rxd7+ Ke6 32. Rxb7 gxh4 33.
Rb5 Re5 34. Kh2 Re3 35. g5 Kf7 36. Rxa5 Re2+ 37. Kh3 Rxb2 38. Rc5 Kg6 39. Kxh4 Rh2+ 40. Kg3 Rc2 41. Rxc4 Kxg5 42. Kf3 Kf5 43. Rc5+ Ke6 44. Ke3 Kd6 45. Kd3 Ra2 46. Rc4 Kd5 47. Rh4 Ra3 48.
a5 Kc6 49. Rh5 Ra4 50. Kc2 Ra1 51. Kb2 Ra4 52. Kb3 Ra1 53. a6 Rxa6 54. Rh6+ Kb7 55.
Rxa6 Kxa6 56. Kc4 Kb6 57. Kd5 1-0

[Event "Late-Titled-Tuesday-Blitz-January-16-2024"]
[Site "Chess.com"]
[Date "2024.01.16"]
[Round "8"]
[White "jinbojinbo"]
[Black "TEREZANA"]
[Result "1-0"]
[WhiteElo "2652"]
[BlackElo "2523"]
[TimeControl "180+1"]
[EndTime "15:29:13 PST"]
[Termination "jinbojinbo won on time"]

1. Nf3 d5 2. g3 e6 3. Bg2 b5 4.
O-O Nf6 5. d3 Be7 6. Nbd2 c5 7. e4 O-O 8. Re1 Nc6 9. e5 Nd7 10.
Nf1 Qb6 11. h4 a5 12. Bf4 a4 13. h5 h6 14. N1h2 a3 15. b3 Kh7 16. Ng4 Bb7 17. Qc1 Qd8 18. c4 Nb4 19. Qd2 d4 20. Re2 Rh8 21. Rd1 Qb6 22. Bxh6 gxh6 23. Qxh6+ Kg8 24.
Qf4 Qd8 25. Nh6+ Rxh6 26. Qxh6 Bxf3 27. Bxf3 Bg5 28. Qxg5+ Qxg5 29. Bxa8 bxc4 30. bxc4 Qxh5 31. Kf1 Nxe5 32. Bg2 Nexd3 33. Red2 Nb2 34. Re1 Nxc4 35. Rde2 Nd6 36. Re5 Qh6 37. Rd1 d3 38. Rxc5 Kf8 39.
Ra5 Nc2 40. Rc5 Qg6 41. Rc3 Nb4 42. Rxa3 Nc4 43. Rb3 Nd5 44. Rbxd3 Ne5 45. R3d2 Ke7 46. a4 Nc3 47. Ra1 Qg5 48. Rc2 Nd5 49. a5 Ng4 50.
Re2 Qf5 51. Kg1 Nc7 52. a6 Qb5 53. Rea2 Qb6 54. a7 1-0

[Event "Late-Titled-Tuesday-Blitz-January-16-2024"]
[Site "Chess.com"]
[Date "2024.01.16"]
[Round "8"]
[White "MathiasWomacka"]
[Black "ritanovikova"]
[Result "0-1"]
[WhiteElo "2534"]
[BlackElo "2193"]
[TimeControl "180+1"]
[EndTime "15:29:13 PST"]
[Termination "ritanovikova won on time"]

1. e4 d5 2. exd5 Qxd5 3. Nc3 Qd6 4. d4 Nf6 5. Nf3 a6 6. g3 Bg4 7. Bg2 Nc6 8. O-O O-O-O 9. d5 Nxd5 10. Nxd5 Qxd5 11. Qxd5 Rxd5 12. Ng5 Rc5 13. Nxf7 Rg8 14. c3 h6 15. Re1 Bh5 16. Bh3+ Kb8 17. Be6 Bxf7 18. Bxf7 Rh8 19. Be3 Rf5 20. Be6 Rf6 21.
Bc5 b6 22. Ba3 Nd8 23. Bh3 e6 24. Bxf8 Rhxf8 25. Re2 g5 26. Rae1 h5 27. Bg2 h4 28.
Rd1 hxg3 29. hxg3 Nb7 30. Rd7 Nd6 31. Re7 Re8 32. Rxe8+ Nxe8 33. f3 Ng7 34. Kf2 g4 35. f4 Kc8 36. Re5 Nf5 37. Be4 Kd7 38. Bxf5 Rxf5 39.
Rxf5 exf5 40. Ke3 Ke6 41. Kd4 Kd6 42. c4 c5+ 43. Kc3 Kc6 0-1

[Event "Late-Titled-Tuesday-Blitz-January-16-2024"]
[Site "Chess.com"]
[Date "2024.01.16"]
[Round "8"]
[White "MasterofMasters2006"]
[Black "BozeKat"]
[Result "1-0"]
[WhiteElo "2251"]
[BlackElo "2098"]
[TimeControl "180+1"]
[EndTime "15:29:15 PST"]
[Termination "MasterofMasters2006 won on time"]

1. d4 Nf6 2. c4 e6 3. Nf3 b6 4. g3 Ba6 5. Qc2 c5 6. d5 exd5 7. cxd5 Bb7 8. Bg2 Bxd5 9. Nc3 Bb7 10.
O-O Be7 11. e4 d6 12. Nh4 O-O 13. Nf5 Re8 14. Rd1 Bf8 15. Bg5 h6 16. Bf4 Re6 17.
Rd2 Qe8 18. Nxd6 Bxd6 19. Rxd6 Nc6 20. Rxe6 Qxe6 21. Rd1 Nd4 22. Qb1 Re8 23. Re1 Qg4 24.
Qd3 Nh5 25. Be3 Nf3+ 26. Bxf3 Qxf3 27. Qd7 Nf6 28. Qxb7 h5 29. Bg5 Ng4 30. Rf1 f6 31.
Bf4 h4 32. Qd5+ Kh8 33. Qh5+ Kg8 34. Qxe8+ Kh7 35. Qh5+ Kg8 36. Qxh4 g5 37. Bxg5 fxg5 38. Qxg5+ Kf7 39. Qf4+ Qxf4 40. gxf4 Nf6 41. f3 Nd7 42. Rd1 Nb8 43. Rd8 Nc6 44. Rd7+ Ke6 45. Rc7 Nd4 46. Kf2 a6 47. Rc6+ Kd7 48. Rxb6 Kc7 49. Rxa6 1-0

[Event "Late-Titled-Tuesday-Blitz-January-16-2024"]
[Site "Chess.com"]
[Date "2024.01.16"]
[Round "8"]
[White "ValeriyGrinev"]
[Black "AlexLongson"]
[Result "0-1"]
[WhiteElo "2531"]
[BlackElo "2405"]
[TimeControl "180+1"]
[EndTime "15:29:17 PST"]
[Termination "AlexLongson won by checkmate"]

1. e4 e5 2. Nf3 Nc6 3. Bb5 a6 4.
Ba4 Nf6 5. O-O Be7 6. Re1 b5 7. Bb3 d6 8. c3 O-O 9. d4 Bg4 10. d5 Na5 11. Bc2 c6 12. Nbd2 cxd5 13. exd5 Rc8 14. h3 Bh5 15. Nf1 Qc7 16. Ng3 Bg6 17. Nf5 Nc4 18. N3h4 Bd8 19. a4 Nb6 20. axb5 axb5 21.
Bb3 Nfd7 22. Nxg6 hxg6 23. Ne3 Nc5 24. Bc2 Bg5 25. Qe2 Bxe3 26. Bxe3 Nxd5 27. Qxb5 Nxe3 28.
Rxe3 Rb8 29. Qc4 Rxb2 30. Bxg6 Ne6 31. Qxc7 Nxc7 32. Bf5 Ne6 33. Bxe6 fxe6 34. f3 Rc8 35. Ra6 Rd2 36. Kf1 Kf7 37. g4 g5 38. Ke1 Rd5 39. Ke2 Kf6 40. Rd3 Rxd3 41. Kxd3 d5 42. Ra7 Rh8 43.
Ke3 Rxh3 44. Kf2 Rh2+ 45. Kg3 Rc2 46. Rc7 d4 47. c4 Rc3 48. Kf2 e4 49. fxe4 Ke5 50.
Rc5+ Kxe4 51. Rxg5 e5 52. Rg8 Rc2+ 53. Ke1 Ke3 54.
Kd1 Rxc4 55. g5 Ra4 56. Rh8 d3 57. Rh3+ Kd4 58. g6 e4 59. g7 Ra8 60. Rh8 Ra1+ 61. Kd2 e3# 0-1

[Event "Late-Titled-Tuesday-Blitz-January-16-2024"]
[Site "Chess.com"]
[Date "2024.01.16"]
[Round "8"]
[White "Rutricks"]
[Black "maximnovik"]
[Result "0-1"]
[WhiteElo "2699"]
[BlackElo "2556"]
[TimeControl "180+1"]
[EndTime "15:29:19 PST"]
[Termination "maximnovik won on time"]

1. c4 Nf6 2. b3 g6 3. Bb2 Bg7 4.
Nf3 O-O 5. e3 b6 6. Be2 Bb7 7.
O-O c5 8. d4 cxd4 9. Qxd4 d6 10. Nc3 Nbd7 11. Rad1 a6 12. Qh4 Rc8 13. Nd4 Rc5 14.
Qh3 Qa8 15. Bf3 Ne5 16. Bxb7 Qxb7 17. Ba3 Rc7 18. f4 Ned7 19. Qf3 Qxf3 20. gxf3 b5 21. Rc1 bxc4 22. b4 Nb6 23. Kf2 Nfd5 24. Ne4 Nxf4 25.
Rfd1 Nfd5 26. Nc2 Rfc8 27. Rb1 f5 28. Ng5 Nc3 29. Ne6 Nxb1 30. Rxb1 Rb7 31. Nxg7 Kxg7 32.
Bb2+ Kf7 33. e4 Na4 34. Bc1 e5 35. exf5 gxf5 36. Bh6 Rg8 37. Rd1 Ke6 38. Re1 Kf6 39.
Rd1 Ke6 40. Re1 Rg6 41. Bc1 Kf7 42. a3 Nb6 43. Bb2 f4 44. Rd1 Rc7 45. Bc3 Ke6 46. Re1 Kf5 47. Rd1 d5 48. b5 Rcg7 49. Ne1 d4 50. Ba5 Nd5 51. bxa6 Rxa6 52. Bd2 c3 53. Bc1 Rb6 54. Nd3 Ne3 0-1

[Event "Late-Titled-Tuesday-Blitz-January-16-2024"]
[Site "Chess.com"]
[Date "2024.01.16"]
[Round "8"]
[White "JSPrepz"]
[Black "bescmelasti"]
[Result "0-1"]
[WhiteElo "2865"]
[BlackElo "2698"]
[TimeControl "180+1"]
[EndTime "15:29:20 PST"]
[Termination "bescmelasti won by resignation"]

1. e4 c5 2. Nf3 e6 3. c3 d5 4.
e5 Nc6 5. d4 Bd7 6. Be2 f6 7.
O-O fxe5 8. Nxe5 Nxe5 9. dxe5 Qc7 10. Re1 O-O-O 11. Bf4 Ne7 12. a4 h6 13. Na3 g5 14.
Bg3 c4 15. Nb5 Bxb5 16. axb5 Qb6 17. b3 cxb3 18. Qxb3 Nf5 19. c4 h5 20. h3 Bc5 21.
Rf1 h4 22. Bh2 Rhf8 23. cxd5 Nd4 24. Qb2 Nxe2+ 25. Qxe2 Rxd5 26. Qg4 Bxf2+ 27. Kh1 Rf5 28. Rac1+ Kb8 29. Qc4 Rc5 30. Qd3 Rd5 31. Qc2 Rc5 32. Qd3 Rd5 33. Qc4 Rc5 34. Qe2 Qxb5 35. Qh5 a6 36.
Qh8+ Ka7 37. Rb1 Qc6 38. Qg7 Rc2 39. Bg1 Bxg1 40. Rxg1 Rff2 41. Qxg5 Rc3 42. Qg4 Rg3 43. Qd4+ b6 44. Qxh4 Rgxg2 45. Qe7+ Ka8 46. Qd8+ Ka7 47. Qe7+ Ka8 48. Qd8+ Kb7 49. Rxb6+ Qxb6 50. Qd7+ Qc7 51. Qxc7+ Kxc7 52. Rxg2 Rxg2 53. Kxg2 a5 54. Kf3 a4 55. Ke3 a3 56. Kd3 a2 57. Kc2 a1=Q 0-1